 Dungeon Crawl Stone Soup version 0.22-a0-322-g60b3cfd (webtiles) character file.

233 kidcy the Slasher (level 5, -1/46 HPs)
             Began as a Draconian Gladiator on Apr 2, 2018.
             Slain by Arthanis's ghost (16 damage)
             ... on level 3 of the Dungeon.
             The game lasted 00:06:37 (3773 turns).

kidcy the Slasher (Draconian Gladiator)             Turns: 3773, Time: 00:06:38

Health: -1/46      AC:  8    Str: 17    XL:     5   Next: 74%
Magic:  5/5        EV: 13    Int: 11    God:
Gold:   149        SH:  0    Dex: 13    Spells: 4/4 levels left

rFire    . . .     SeeInvis .   a - +1 long sword
rCold    . . .     Gourm    .   (no shield)
rNeg     . . .     Faith    .   (armour unavailable)
rPois    .         Spirit   .   b - +1 hat
rElec    .         Reflect  .   p - +0 cloak
rCorr    .         Harm     .   o - +0 pair of gloves
MR       .....                  (no boots)
Stlth    +.........             (no amulet)
HPRegen  0.15/turn              g - +3 ring of intelligence
MPRegen  0.09/turn              (no ring)

@: no status effects
A: unfitting armour, cold-blooded, AC +5
a: no special abilities


You were on level 3 of the Dungeon.
You were not hungry.

You visited 1 branch of the dungeon, and saw 3 of its levels.

You collected 149 gold pieces.

Inventory:

Hand Weapons
 a - a +1 long sword (weapon)
Missiles
 c - 4 throwing nets (quivered)
Armour
 b - a +1 hat (worn)
 n - a +0 ring mail
 o - a +0 pair of gloves (worn)
 p - a +0 cloak (worn)
Jewellery
 g - a +3 ring of intelligence (left hand)
Scrolls
 h - a scroll of amnesia
Potions
 e - a potion of invisibility
 f - 3 potions of curing
 i - a potion of mutation {unknown}
 k - a potion of lignification {unknown}
 r - a potion of agility
Comestibles
 d - 4 rations


   Skills:
 + Level 3.7 Fighting
 * Level 4.7 Long Blades
 - Level 2.4 Throwing
 + Level 3.7 Dodging


You had 4 spell levels left.
You didn't know any spells.

Dungeon Overview and Level Annotations

Branches:
Dungeon (3/15)

Altars:

Annotations:
D:3 Arthanis's ghost, amateur DsBe


Innate Abilities, Weirdness & Mutations

Your plain brown scales are hard. (AC +5)
You cannot fit into any form of body armour.
You are cold-blooded and may be slowed by cold attacks.


Message History

Arthanis's ghost misses you.
Arthanis's ghost wails, "You will never get the ORB!"
Arthanis's ghost hits you!
There is an escape hatch in the ceiling here.
You slash Arthanis's ghost!
Your tail-slap misses Arthanis's ghost.
Arthanis's ghost is lightly damaged.
Arthanis's ghost barely misses you.
You hit Arthanis's ghost.
Arthanis's ghost is moderately damaged.
Arthanis's ghost hits you.
You hit Arthanis's ghost.
Arthanis's ghost is moderately damaged.
Arthanis's ghost closely misses you.
You barely miss Arthanis's ghost. You tail-slap Arthanis's ghost.
Arthanis's ghost is heavily damaged.
Arthanis's ghost hits you but does no damage.
Arthanis's ghost hits you!
* * * LOW HITPOINT WARNING * * *
Arthanis's ghost hits you!
You die...

##.....## ##.......## #.........#
#.........# ##########.........#
#........#.........#
#........#.......>.########
#........#........)##..<..#
#........#..@......##.....# .
#........#..W......##.....##<
#........#.........##.....##.
#..................##.)......
#......................###..(
#........##......#.....###...
#####........####................
.............................(#.[
######.#....#####.....†..........


You could see Arthanis's ghost.

Vanquished Creatures
  An orc priest (D:3)
  Terence (D:2)
  A worker ant (D:2)
  4 adders
  4 gnolls (D:3)
  3 oozes (D:3)
  A dart slug (D:1)
  A leopard gecko (D:3)
  5 orcs (D:3)
  5 bats
  4 giant cockroaches
  8 goblins
  7 hobgoblins
  8 kobolds
  A ball python (D:2)
  4 frilled lizards
  6 rats
64 creatures vanquished.

Notes
Turn   | Place    | Note
-------+----------+-------------------------------------------
     0 | D:1      | kidcy the Draconian Gladiator began the quest for the Orb.
     0 | D:1      | Reached XP level 1. HP: 17/17 MP: 1/1
   282 | D:1      | Reached XP level 2. HP: 21/25 MP: 2/2
  1158 | D:2      | Reached XP level 3. HP: 8/30 MP: 3/3
  1461 | D:2      | Noticed Terence
  1469 | D:2      | Killed Terence
  1469 | D:2      | Reached XP level 4. HP: 37/38 MP: 4/4
  1770 | D:2      | Reached skill level 4 in Long Blades
  1985 | D:3      | Reached XP level 5. HP: 36/45 MP: 5/5
  1987 | D:3      | Noticed Arthanis's ghost (amateur DsBe)
  2049 | D:3      | Found a faded altar of an unknown god.
  3773 | D:3      | Slain by Arthanis's ghost

Vault maps used:
D:1:      nzn_arrival_crosshair, serial_forest, infiniplex_forest_end_2,
          infiniplex_forest_straight_4, infiniplex_forest_straight_4,
          infiniplex_forest_end_2, infiniplex_forest_end_2,
          infiniplex_forest_fountain, infiniplex_forest_clump_C
D:2:      minmay_cupped, uniq_terence
D:3:      chequers_ecumenical_altar_simple, small_statue_intersection

Skill      XL: |  1  2  3  4 |
---------------+-------------+-----
Throwing       | 2 |  2.4
Dodging        | 3 |  3.7
Fighting       | 3 |  3.7
Long Blades    | 4 |  4.7

Action                   |  1- 3 |  4- 6 || total
-------------------------+-------+-------++-------
Melee: Long sword        |    61 |   116 ||   177
       Tailslap          |     6 |    23 ||    29
Throw: Throwing net      |       |     4 ||     4
  Use: Potion            |     4 |     2 ||     6
       Scroll            |       |    10 ||    10
 Stab: Sleeping          |       |     2 ||     2
  Eat: Chunk             |     2 |     1 ||     3
       Ration            |       |     2 ||     2
Armor: Skin              |    19 |    38 ||    57
Dodge: Dodged            |    54 |    85 ||   139
       Rpst.: Long sword |    23 |    24 ||    47

Table legend:
 A = Spawn XP
 B = Non-spawn XP
 C = Spawn XP percentage of total XP
 D = Spawn monster count
 E = Non-spawn monster count
 F = Spawn count percentage of total count
 G = Total turns spent on level
                    A         B        C        D         E        F      G
               +---------+---------+-------+---------+---------+-------+---------
         Total |       0 |     333 |   0.0 |       0 |      64 |   0.0 |  3773
               +---------+---------+-------+---------+---------+-------+---------
           D:1 |       0 |      28 |   0.0 |       0 |      16 |   0.0 |  1055
           D:2 |       0 |     136 |   0.0 |       0 |      23 |   0.0 |  1845
           D:3 |       0 |     169 |   0.0 |       0 |      25 |   0.0 |   873
               +---------+---------+-------+---------+---------+-------+---------
